Map: Cyber Forest LE

Players

AIphastar

  • Race: Protoss Protoss
  • League: Master
  • Spawn Location: 11:00

MamaLaMacro - Winner!

  • Race: Protoss Protoss
  • League: Master
  • Spawn Location: 5:00

VOD

https://www.youtube.com/watch?v=rYCbGBjNtAc&feature=youtu.be

Description

Time

  • Played on: March 24, 2019, 10:49 a.m.
  • Length: 3:33
Show
View Real Time Build Order
Export as new Build Order

AIphastar Protoss 

Build Orders:  

Get SALT Encoding   

  12  0:01  Probe  
  13  0:13  Probe  
  14  0:18  Pylon  
  14  0:25  Probe  
  15  0:33  Probe  
  15  0:39  Gateway  
  15  0:41  Probe  
  17  0:51  Probe  
  18  0:57  Gateway  
  18  1:07  Forge  
  18  1:18  Zealot, Probe  
  21  1:33  Probe  
  22  1:42  Photon Cannon  
  22  1:54  Zealot  
  22  1:55  Photon Cannon  
  19  2:14  Photon Cannon  
  17  2:17  Photon Cannon  
  14  2:33  Photon Cannon  
  14  2:44  Probe  
  15  2:51  Pylon  
  13  3:06  Pylon  
  13  3:08  Probe  
  14  3:24  Photon Cannon  
Show
View Real Time Build Order
Export as new Build Order

MamaLaMacro Protoss - Winner!

Build Orders:  

Get SALT Encoding   

  12  0:00  Probe  
  13  0:13  Pylon  
  13  0:17  Probe  
  14  0:31  Forge  
  14  0:35  Probe  
  15  0:47  Probe  
  16  1:06  Pylon  
  16  1:10  Pylon  
  16  1:17  Pylon  
  16  1:25  Photon Cannon  
  16  1:27  Photon Cannon  
  16  1:29  Pylon  
  16  1:37  Pylon  
  15  2:04  Photon Cannon  
  15  2:14  Photon Cannon  
  15  2:15  Photon Cannon  
  15  2:16  Photon Cannon  
  15  2:27  Pylon  
  15  2:28  Probe  
  16  2:43  Probe  
  16  2:56  Probe  
  17  3:08  Photon Cannon  
  17  3:10  Photon Cannon  
  17  3:11  Photon Cannon  
  16  3:13  Probe  
  17  3:23  Gateway  
  17  3:25  Assimilator  
  18  3:29  Assimilator  
Tags
 
Matchup
PvP
Spawn Locations
Cross Positions
Add a new tag
Caveats
  • Supply blocks, unpowered buildings, or Contaminate may cause inaccurate times.
  • Supply counts are checked every 10 seconds.